Unix NetHack Version 5.0.0-0 post-release - last build May 31 2026 23:59:36 (970b52f25bf058293b47ddfd14a1e40e571c508c,branch:main).

Game began 2026-06-08 02:40:20, ended 2026-06-08 02:59:17.

Eldrich, lawful male human Archeologist

                  -------------                                 ------------
                  |...........|             --------------      |..>.......|
                  |............########    #.............|      |...(......|
                  |........:..|       # ####|............|      |..(.......|
                  |.......)e@.|       ###   |............|      ------.-----
                 #-...*.......| -----  #####|............|            #
                 #---.---------#....|   #   -------.------        #####
                ##   #         #|...|   #          ###            #
  -------   #####    ####      #|...----#            ########    ##
  |..*..|  ##           #     ##|......|#                   #  ###
  |.....|  #       -----.-  ### |._._..|#                   ####
  |....)|##        |.....-### ##._.....|#########################
  |$..^.-#         |.....|      .---...|#            ---|-------.--
  -------          |...^.|         |...|#            |..*..[(.....|
                   |.....|         |*...#            |........<...|
                   -------         -----#            |............|
                         ################            --------------

Eldrich the Field Worker   St:11 Dx:9 Co:14 In:18 Wi:14 Ch:10  Lawful
Dlvl:3  $:41 HP:0(23) Pw:10(10) AC:5  Xp:3 T:1427 

Latest messages:
 In what direction? 6
 The dart misses the floating eye.
 In what direction? 6
 The dart misses the floating eye.
 In what direction? 6
 The dart misses the floating eye.
 In what direction? 6
 The dart hits the floating eye.
 In what direction? 6
 Snap!
 In what direction? 6
 You flick your bullwhip towards the floating eye.
 You lash the floating eye.
 You are frozen by the floating eye's gaze!
 You can move again.
 w - 4 darts (at the ready).
 o - a dagger.
 In what direction? 4
 The dart hits the floating eye.
 In what direction? 4
 The dart misses the floating eye.
 In what direction? 4
 The dart misses the floating eye.
 In what direction? 4
 The dart hits the floating eye.
 In what direction? 4
 You flick your bullwhip towards the floating eye.
 You lash the floating eye.
 You are frozen by the floating eye's gaze!
 The iguana bites!
 The iguana bites!
 The iguana bites!
 The iguana bites!
 The iguana bites!
 The iguana bites!
 The iguana bites!
 The iguana bites!
 The iguana bites!
 The iguana bites!
 The iguana bites!
 The iguana bites!
 The iguana bites!
 The iguana bites!
 The iguana bites!
 You die...
 Do you want your possessions identified? [ynq] (y) y
 Do you want to see your attributes? [ynq] (y) y
 Do you want an account of creatures vanquished? [ynaq] (y) y
 Do you want to see your conduct and achievements? [ynq] (y) y
 Do you want to see the dungeon overview? [ynq] (y) y

Inventory:
 Coins    ('$')
  $ - 41 gold pieces
 Weapons  (')')
  o - a +0 dagger
  a - a +2 bullwhip (weapon in right hand)
 Armor    ('[')
  c - an uncursed +0 fedora (being worn)
  p - an uncursed +0 elven mithril-coat (being worn)
  b - an uncursed +0 leather jacket
 Comestibles  ('%')
  u - an uncursed cram ration
  d - 3 uncursed food rations
  k - an uncursed fortune cookie
  j - 2 uncursed eggs
 Potions  ('!')
  n - an uncursed potion of healing
 Tools    ('(')
  h - an uncursed sack containing 1 item
  i - a magic marker (0:19)
  e - a +0 pick-axe (alternate weapon; not wielded)
  f - a tinning kit (0:66)
 Gems/Stones  ('*')
  g - an uncursed touchstone

Contents of the sack:
  an uncursed agate stone

Eldrich the Archeologist's attributes:

Background:
 You were a Field Worker, a level 3 male human Archeologist.
 You were lawful, on a mission for Quetzalcoatl
 who was opposed by Camaxtli (neutral) and Huhetotl (chaotic).
 You were right-handed.
 You were in the Dungeons of Doom, on level 3.
 You entered the dungeon 1427 turns ago.
 It was nighttime.
 You had 69 experience points, 11 more were needed to attain level 4.

Basics:
 You had 0 out of 23 hit points.
 You had all 10 energy points (spell power).
 Your armor class was 5.
 Your wallet contained 41 zorkmids.
 Autopickup was off.

Final Characteristics:
 Your strength was 11 (limit:18/100).
 Your dexterity was 9 (limit:18).
 Your constitution was 14 (limit:18).
 Your intelligence was 18 (limit:18).
 Your wisdom was 14 (limit:18).
 Your charisma was 10 (limit:18).

Final Status:
 You weren't hungry.
 You were unencumbered.
 You were wielding a whip.
 You had basic skill with whip.

Final Attributes:
 You were devoutly aligned.
 You had automatic searching.
 You were guarded.
 You were lucky.
 You are dead.

Miscellaneous:
 You didn't encounter any bones levels.
 Total elapsed playing time was 18 minutes and 55 seconds.

Major events:
 Turn
    1: Eldrich the lawful male human Archeologist entered the dungeon
  958: attained the rank of Field Worker (level 3)
 1023: entered the Gnomish Mines
 1427: killed by an iguana, while frozen by a floating eye's gaze

You didn't know any spells.

Skills:
 Fighting Skills
   bare handed combat [Unskilled]
   two weapon combat  [Unskilled]
   riding             [Unskilled]
 Weapon Skills
   dagger             [Unskilled]
   knife              [Unskilled]
   pick-axe           [Basic]
   short sword        [Unskilled]
   saber              [Unskilled]
   club               [Unskilled]
   quarterstaff       [Unskilled]
   sling              [Unskilled]
   dart               [Unskilled]
   boomerang          [Unskilled]
   whip               [Basic]
   unicorn horn       [Unskilled]
 Spellcasting Skills
   attack spells      [Unskilled]
   healing spells     [Unskilled]
   divination spells  [Unskilled]
   matter spells      [Unskilled]

Voluntary challenges:
 Character rerolling was not enabled.
 You were illiterate.
 You never genocided any monsters.
 You never polymorphed an object.
 You never changed form.
 You used no wishes.
Achievements:
 You attained the rank of Field Worker.
 You entered the Gnomish Mines.

 The Dungeons of Doom: levels 1 to 4
    Level 1:
    Level 2:
       A fountain.
    Level 3: <- You were here.
       Many altars.
       Final resting place for
          you, killed by an iguana, while frozen by a floating eye's gaze.
    Level 4:
       Stairs down to The Gnomish Mines.
 The Gnomish Mines:
    Level 5:


Vanquished creatures:
  a homunculus
  a wererat
  a hobbit
  a large kobold
  a gnome zombie
  a gecko
  3 jackals
  a fox
  2 goblins
  5 sewer rats
  4 grid bugs
  2 lichens
  2 kobold zombies
  4 newts
29 creatures vanquished.

No species were genocided or became extinct.

Game over:
                       ----------
                      /          \
                     /    REST    \
                    /      IN      \
                   /     PEACE      \
                  /                  \
                  |     Eldrich      |
                  |      41 Au       |
                  |   killed by an   |
                  |      iguana      |
                  |                  |
                  |                  |
                  |       2026       |
                 *|     *  *  *      | *
        _________)/\\_//(\/(/\)/\//\/|_)_______

Goodbye Eldrich the Archeologist...

You died in The Dungeons of Doom on dungeon level 3 with 513 points,
and 41 pieces of gold, after 1427 moves.
You were level 3 with a maximum of 23 hit points when you died.

